 Dungeon Crawl Stone Soup version 0.21.1-1-g345015f (webtiles) character file.

21470 shakethe the Basher (level 12, -3/84 HPs)
             Began as a Gargoyle Fighter on Feb 20, 2018.
             Was the Champion of Okawaru.
             Slain by a very large slime creature (49 damage)
             ... on level 13 of the Dungeon.
             The game lasted 00:30:05 (14394 turns).

shakethe the Basher (Gargoyle Fighter)             Turns: 14394, Time: 00:30:06

Health: -3/84      AC: 32    Str: 25    XL:     12   Next: 90%
Magic:  15/15      EV:  7    Int: 12    God:    Okawaru [******]
Gold:   496        SH:  2    Dex:  9    Spells: 11/11 levels left

rFire    + . .     SeeInvis .   u - +4 dire flail (holy)
rCold    . . .     Gourm    .   (shield currently unavailable)
rNeg     + . .     Faith    .   I - +0 plate armour
rPois    ∞         Spirit   .   v - +0 helmet
rElec    +         Reflect  +   t - +2 cloak
rCorr    .         Harm     .   U - +1 pair of gloves {Str+3}
MR       +....                  r - +0 pair of boots
Stlth    ..........             m - +2 amulet of reflection
HPRegen  0.24/turn              G - ring of protection from magic {MR+, !d}
MPRegen  0.14/turn              i - ring of protection from fire {rF+, !d}

@: no status effects
A: negative energy resistance 1, electricity resistance, unbreathing,
petrification resistance, rot immunity, AC +8
a: Heroism, Finesse, Renounce Religion


You were on level 13 of the Dungeon.
You worshipped Okawaru.
Okawaru was exalted by your worship.
You were not hungry.

You visited 2 branches of the dungeon, and saw 14 of its levels.

You collected 762 gold pieces.
You spent 266 gold pieces at shops.

Inventory:

Hand Weapons
 u - a +4 dire flail of holy wrath (weapon)
   (Okawaru gifted it to you on level 9 of the Dungeon)
 Y - a +4 flail
   (You took it off an orc priest on level 8 of the Dungeon)
Missiles
 y - 4 tomahawks of dispersal {=f}
 N - 129 stones (quivered)
Armour
 d - a +2 buckler
   (You found it on level 4 of the Dungeon)
 r - a +0 pair of boots (worn)
   (You found it on level 5 of the Dungeon)
 t - a +2 cloak (worn)
   (You took it off Crazy Yiuf on level 2 of the Dungeon)
 v - a +0 helmet (worn)
   (You took it off Robin on level 4 of the Dungeon)
 I - a +0 plate armour (worn)
   (You found it on level 6 of the Dungeon)
 U - a +1 pair of gloves of strength (worn)
   (Okawaru gifted it to you on level 10 of the Dungeon)
Magical Staves
 Q - an uncursed staff of earth
   (You found it on level 7 of the Dungeon)
Jewellery
 b - a cursed amulet of inaccuracy {unknown}
   (You found it on level 12 of the Dungeon)
 e - an uncursed ring of fire {rF+, rC-}
   (You found it on level 1 of the Dungeon)
 i - a ring of protection from fire (right hand) {rF+, !d}
   (You found it on level 4 of the Dungeon)
 m - a +2 amulet of reflection (around neck)
   (You found it on level 3 of the Dungeon)
 p - an uncursed ring of ice {rC+, rF-}
   (You found it on level 3 of the Dungeon)
 F - a +5 ring of intelligence
   (You found it on level 6 of the Dungeon)
 G - a ring of protection from magic (left hand) {MR+, !d}
   (You found it on level 6 of the Dungeon)
 K - an uncursed ring of fire {rF+, rC-}
   (You found it on level 10 of the Dungeon)
 L - an uncursed ring of ice {rC+, rF-}
   (You took it off an orc on level 8 of the Dungeon)
 R - an uncursed ring of magical power {MP+9}
   (You found it on level 7 of the Dungeon)
 S - an uncursed ring of resist corrosion
   (You took it off an orc on level 11 of the Dungeon)
Wands
 k - a wand of paralysis (12)
   (You found it on level 4 of the Dungeon)
 z - a wand of iceblast (8)
   (You found it on level 8 of the Dungeon)
 B - a wand of disintegration (28)
   (You found it on level 5 of the Dungeon)
 H - a wand of random effects (60)
   (You found it on level 6 of the Dungeon)
 M - a wand of clouds (9)
   (You found it on level 7 of the Dungeon)
 Z - a wand of acid (9)
   (You found it on level 12 of the Dungeon)
Scrolls
 a - a scroll of brand weapon {unknown}
 c - a scroll of fog
 g - 3 scrolls of remove curse
 h - 9 scrolls of amnesia
 l - 2 scrolls of magic mapping {!r}
 s - 2 scrolls of enchant weapon
 D - 3 scrolls of blinking {!r}
 E - a scroll of immolation {unknown}
 P - 4 scrolls of enchant armour
 V - 3 scrolls of vulnerability {unknown}
Potions
 j - 12 potions of curing
 n - a potion of berserk rage {!q}
 o - 3 potions of flight
 q - 2 potions of agility
 w - 2 potions of invisibility
 x - 2 potions of magic
 A - a potion of ambrosia {unknown}
 C - a potion of cancellation
 O - 2 potions of mutation {!q}
 T - 4 potions of brilliance
 W - 2 potions of heal wounds
Books
 J - a book of Frost
   (You found it on level 6 of the Dungeon)
Comestibles
 f - 16 rations
 X - 9 chunks of flesh {@w0@w0}


   Skills:
 + Level 13.0 Fighting
 - Level 14.0 Maces & Flails
 - Level 10.0 Armour
 - Level 4.8 Shields
 + Level 4.4 Invocations


You had 11 spell levels left.
You didn't know any spells.

Dungeon Overview and Level Annotations

Branches:
Dungeon (13/15)            Temple (1/1) D:5            Lair (0/6) D:10
    Orc (0/2) D:10
 Vaults: D:13-14

Altars:
Ashenzari
Cheibriados
Dithmenos
Elyvilon
Fedhas
Gozag
Hepliaklqana
Kikubaaqudgha
Makhleb
Nemelex Xobeh
Okawaru
Qazlal
Ru
Sif Muna
Trog
Uskayaw
Vehumet
Wu Jian
Xom
Yredelemnul
Zin
The Shining One

Shops:
D:4 !   D:5 [   D:11 !

Annotations:
D:11 exclusion: orange crystal statue


Innate Abilities, Weirdness & Mutations

You are resistant to torment.
Your stone body is resilient. (AC +8)
You are immune to poison.
You resist negative energy. (rN+)
You are resistant to electric shocks. (rElec)
You can survive without breathing.
You are immune to petrification.
You are immune to rotting.


Message History

The tomahawk of dispersal barely misses you.
The orc warrior hits you with a mace.
You take 3 damage, and have 66/82 hp.
You thump the orc warrior! You closely miss the orc warrior.
The orc warrior hits you but does no damage.
Your plate armour prevents you from hitting the orc warrior.
You hit the orc warrior but do no damage.
The orc warrior hits you with a mace.
You take 5 damage, and have 61/82 hp.
You barely miss the orc warrior. You barely miss the orc warrior.
The orc warrior hits you but does no damage.
You impale the orc warrior!!
You kill the orc warrior!
Okawaru accepts your kill.
No target in view!
No target in view!
No target in view!
No target in view!
y - 4 tomahawks of dispersal {=f}
Things that are here:
a mace; a plate armour An orc wizard comes into view.
It is wielding a dagger.
You closely miss the orc wizard. You thump the orc wizard!
The orc wizard hits you but does no damage.
Your plate armour prevents you from hitting the orc wizard.
You thump the orc wizard!
You kill the orc wizard!
Okawaru accepts your kill.
No target in view!
No target in view!
Things that are here:
a dagger; a robe No target in view!
No target in view!
No target in view!
No target in view!
No target in view!
No target in view!
No target in view!
No target in view!
No target in view!
No target in view!
No target in view! 2 slime creatures and a wight come into view.
The slime creature quivers.
You regained 3 hp, and now have 66/82 hp.
A wight comes into view. It is wielding a falchion.
A slime creature comes into view. 2 slime creatures come into view.
The slime creature quivers. x2
Two slime creatures merge to form a large slime creature.
A slime creature comes into view.
The slime creature quivers.
You sock the slime creature!
The slime creature hits you but does no damage.
You sock the slime creature!
You stick the slime creature like a pincushion!!!
You kill the slime creature!
Okawaru accepts your kill.
Your Fighting skill increases to level 13!
The slime creature hits you but does no damage.
You thump the slime creature!
The slime creature hits you but does no damage.
Your plate armour prevents you from hitting the slime creature.
The wight hits you but does no damage.
A large slime creature splits.
Two slime creatures merge to form a large slime creature.
You completely miss the slime creature. The wight hits you but does no damage.
The slime creature hits you but does no damage.
The wight hits you but does no damage.
Your plate armour prevents you from hitting the slime creature.
Two slime creatures merge to form a large slime creature.
The wight hits you but does no damage.
You hit the large slime creature. The wight hits you but does no damage.
You sock the large slime creature!
Two slime creatures merge to form a very large slime creature.
The wight closely misses you.
You puncture the very large slime creature!
The wight hits you but does no damage.
You sock the very large slime creature!
The wight hits you but does no damage. x2
Two slime creatures merge to form a titanic slime creature.
You hit the titanic slime creature.
Unknown command.
You regained 4 hp, and now have 70/84 hp.
You puncture the titanic slime creature!
The wight hits you but does no damage. x2
You hit the titanic slime creature. The wight hits you but does no damage.
A titanic slime creature splits.
Two slime creatures merge to form a titanic slime creature.
You puncture the very large slime creature!
You thump the very large slime creature!
A slime creature suddenly becomes a large slime creature.
The very large slime creature hits you!!
You take 32 damage, and have 46/84 hp.
MASSIVE DAMAGE!!
The very large slime creature hits you!!!
Ouch! That really hurt!
You die...

########################
.................JJzz...
..............######....
###...#.J.###.# #.z##
#...#@..# #.# #z.## #..
#...# #.# #..## #..
#...# #.# #..## #.
#....##.# #..## #.
#....##.# #..##
#.....#.# #..## #
#...#.#.# #..## ..#
#..<#.#.# #..## ..# .#
.. #.#.# #....


You could see a very large slime creature.

Vanquished Creatures
  10 two-headed ogres
  The ghost of Dioder the Blocker, a novice GnFi (D:6)
  An unseen horror (D:13)
  3 ugly things
  A manticore (D:11)
  Joseph (D:8)
  4 centaur skeletons
  The ghost of shakethe the Grave Robber, a novice DsNe of Ru (D:5)
  2 kobold demonologists (D:13)
  A troll (D:13)
  5 hippogriffs
  A slime creature (D:13)
  2 wraiths
  Sigmund (D:4)
  A wyvern (D:8)
  2 hogs (D:9)
  8 yaks (D:9)
  A human (D:9)
  2 hungry ghosts
  Edmund (D:6)
  8 ice beasts
  10 orc warriors
  2 sky beasts
  A necrophage (D:9)
  A phantom (D:5)
  An eye of draining (D:12)
  3 ogres
  7 centaurs
  2 big kobolds (D:13)
  Blork the orc (D:6)
  11 bullfrogs
  A water moccasin zombie (D:6)
  A scorpion (D:8)
  12 killer bees
  4 howler monkeys
  A centaur zombie (D:9)
  8 crimson imps
  4 bullfrog zombies
  A quasit (D:7)
  2 bullfrog skeletons
  5 hounds
  5 orc priests
  Crazy Yiuf (D:2)
  4 jellies
  17 orc wizards
  Jessica (D:2)
  7 iguanas
  7 worker ants
  A killer bee zombie (D:8)
  A hound zombie (D:4)
  A hound skeleton (D:4)
  Robin (D:4)
  A worker ant zombie (D:8)
  13 adders
  8 gnolls
  4 shadow imps
  An ooze (D:2)
  An adder skeleton (D:9)
  2 worms
  3 dart slugs
  5 leopard geckos
  41 orcs
  2 ball pythons
  3 giant cockroaches
  10 goblins
  11 hobgoblins
  2 jackals (D:9)
  6 quokkas
  4 bats
  2 frilled lizards
  7 kobolds
  A leopard gecko skeleton (D:4)
  A quokka skeleton (D:4)
  7 rats
  3 fungi (D:2)
319 creatures vanquished.

Vanquished Creatures (others)
  A quasit (D:9)
  An adder (D:9)
  An orc (D:5)
3 creatures vanquished.

Grand Total: 322 creatures vanquished

Notes
Turn   | Place    | Note
-------+----------+-------------------------------------------
     0 | D:1      | shakethe the Gargoyle Fighter began the quest for the Orb.
     0 | D:1      | Reached XP level 1. HP: 14/14 MP: 1/1
   612 | D:2      | HP: 2/14 [adder (3)]
   613 | D:2      | Reached XP level 2. HP: 4/20 MP: 2/2
   911 | D:2      | Noticed Jessica
   915 | D:2      | Killed Jessica
   915 | D:2      | Reached XP level 3. HP: 21/24 MP: 3/3
   928 | D:2      | Reached skill level 4 in Fighting
  1100 | D:2      | Reached skill level 4 in Armour
  1134 | D:2      | Reached XP level 4. HP: 26/29 MP: 4/4
  1221 | D:2      | Reached skill level 3 in Maces & Flails
  1221 | D:2      | HP: 7/29 [gnoll/spear (5)]
  1221 | D:2      | HP: 1/29 [gnoll/spear (6)]
  1830 | D:2      | Reached XP level 5. HP: 34/34 MP: 5/5
  2223 | D:2      | Found a runed door.
  2227 | D:2      | Noticed Crazy Yiuf
  2231 | D:2      | Killed Crazy Yiuf
  2954 | D:3      | Reached XP level 6. HP: 39/40 MP: 6/6
  3426 | D:4      | Noticed Sigmund
  3434 | D:4      | Killed Sigmund
  3434 | D:4      | Reached skill level 5 in Fighting
  3434 | D:4      | Reached skill level 4 in Maces & Flails
  3434 | D:4      | Reached skill level 5 in Armour
  3528 | D:4      | Reached XP level 7. HP: 18/44 MP: 7/7
  3759 | D:4      | Noticed Robin
  3793 | D:4      | Killed Robin
  4139 | D:4      | Found Caunnefu's Distillery.
  4503 | D:5      | Entered Level 5 of the Dungeon
  4690 | D:5      | Reached skill level 6 in Fighting
  4690 | D:5      | Reached skill level 6 in Armour
  4935 | D:5      | Found Toqan's Antique Armour Shoppe.
  4950 | D:5      | Found a staircase to the Ecumenical Temple.
  4963 | Temple   | Entered the Ecumenical Temple
  5025 | Temple   | Became a worshipper of Warmaster Okawaru
  5465 | D:5      | Noticed shakethe's ghost (novice DsNe)
  5538 | D:5      | HP: 8/46 [shakethe's ghost/nerve-wracking pain (7)]
  5961 | D:5      | Killed shakethe's ghost
  5961 | D:5      | Reached * piety under Okawaru
  5961 | D:5      | Reached skill level 5 in Maces & Flails
  5961 | D:5      | Reached skill level 4 in Shields
  5961 | D:5      | Reached XP level 8. HP: 31/52 MP: 8/8
  6347 | D:6      | Reached ** piety under Okawaru
  6347 | D:6      | Reached skill level 7 in Armour
  6492 | D:6      | Reached skill level 7 in Fighting
  6591 | D:6      | Noticed Blork the orc
  6604 | D:6      | Killed Blork the orc
  6604 | D:6      | Reached skill level 6 in Maces & Flails
  6713 | D:6      | Noticed Dioder's ghost (novice GnFi)
  6786 | D:6      | HP: 7/53 [Dioder's ghost (9)]
  6796 | D:6      | HP: 6/53 [Dioder's ghost (3)]
  6799 | D:6      | Killed Dioder's ghost
  6799 | D:6      | Reached skill level 8 in Fighting
  6799 | D:6      | Reached skill level 8 in Armour
  6799 | D:6      | Reached XP level 9. HP: 14/59 MP: 7/9
  7068 | D:6      | Reached skill level 7 in Maces & Flails
  7222 | D:6      | Noticed Edmund
  7235 | D:6      | Killed Edmund
  8222 | D:8      | Reached *** piety under Okawaru
  8323 | D:8      | Noticed a two-headed ogre
  8499 | D:8      | Noticed a two-headed ogre
  8514 | D:8      | Killed a two-headed ogre
  8514 | D:8      | Received a gift from Okawaru
  8514 | D:8      | Reached skill level 9 in Fighting
  8514 | D:8      | Reached skill level 8 in Maces & Flails
  8514 | D:8      | Reached skill level 9 in Armour
  8514 | D:8      | Reached XP level 10. HP: 18/66 MP: 8/10
  8951 | D:8      | Reached **** piety under Okawaru
  9123 | D:8      | Noticed Joseph
  9139 | D:8      | Killed Joseph
  9139 | D:8      | Reached skill level 10 in Armour
  9210 | D:8      | Noticed a two-headed ogre
  9231 | D:8      | Killed a two-headed ogre
  9231 | D:8      | Reached skill level 10 in Fighting
  9231 | D:8      | Reached skill level 9 in Maces & Flails
  9288 | D:8      | Noticed a two-headed ogre
  9295 | D:8      | Killed a two-headed ogre
  9295 | D:8      | Reached ***** piety under Okawaru
  9295 | D:8      | Reached skill level 10 in Maces & Flails
  9346 | D:8      | Reached XP level 11. HP: 40/73 MP: 8/11
  9820 | D:8      | Killed a two-headed ogre
 10199 | D:9      | Noticed a two-headed ogre
 10212 | D:9      | Killed a two-headed ogre
 10212 | D:9      | Reached skill level 11 in Fighting
 10212 | D:9      | Reached skill level 11 in Maces & Flails
 10250 | D:9      | Received a gift from Okawaru
 10833 | D:9      | Found a shattered altar of Ashenzari.
 11205 | D:10     | Entered Level 10 of the Dungeon
 11228 | D:10     | Noticed a two-headed ogre
 11235 | D:10     | Killed a two-headed ogre
 11235 | D:10     | Reached skill level 12 in Maces & Flails
 11249 | D:10     | Noticed a two-headed ogre
 11259 | D:10     | Killed a two-headed ogre
 11344 | D:10     | Reached skill level 12 in Fighting
 11345 | D:10     | HP: 17/76 [orc warrior/flail (6)]
 11348 | D:10     | Reached XP level 12. HP: 19/81 MP: 10/12
 11357 | D:10     | HP: 18/81 [orc/dagger (2)]
 11362 | D:10     | HP: 15/81 [orc/flail (4)]
 11677 | D:10     | Found a staircase to the Orcish Mines.
 11726 | D:10     | Noticed a two-headed ogre
 11740 | D:10     | Killed a two-headed ogre
 11740 | D:10     | Reached ****** piety under Okawaru
 11896 | D:10     | Noticed a two-headed ogre
 11905 | D:10     | Killed a two-headed ogre
 11905 | D:10     | Received a gift from Okawaru
 11993 | D:10     | Found a staircase to the Lair.
 12147 | D:10     | Noticed a fire dragon
 12162 | D:10     | HP: 20/81 [fire dragon/blast of flame (6)]
 12188 | D:10     | HP: 9/81 [fire dragon/blast of flame (17)]
 12571 | D:11     | Reached skill level 13 in Maces & Flails
 12990 | D:11     | Found Ijuicer's Distillery.
 13005 | D:11     | Bought a potion of curing for 42 gold pieces
 13005 | D:11     | Bought a potion of curing for 42 gold pieces
 13005 | D:11     | Bought a potion of agility for 56 gold pieces
 13005 | D:11     | Bought a potion of heal wounds for 70 gold pieces
 13005 | D:11     | Bought a potion of brilliance for 56 gold pieces
 13396 | D:12     | Noticed a two-headed ogre
 13408 | D:12     | Killed a two-headed ogre
 14002 | D:13     | Reached skill level 14 in Maces & Flails
 14024 | D:13     | Reached skill level 1 in Invocations
 14085 | D:13     | Reached skill level 2 in Invocations
 14108 | D:13     | Noticed a sun demon
 14118 | D:13     | Reached skill level 3 in Invocations
 14261 | D:13     | Found a bloodstained altar of Trog.
 14299 | D:13     | Reached skill level 4 in Invocations
 14347 | D:13     | Reached skill level 13 in Fighting
 14394 | D:13     | Slain by a very large slime creature

Skill      XL: |  1  2  3  4  5  6  7  8  9 10 11 12 |
---------------+-------------------------------------+-----
Fighting       | 4 5 6 8 9 10 12 13 | 13.0
Armour         | 4 5 6 8 9 10 | 10.0
Maces & Flails | 3 4 5 6 8 10 12 14 | 14.0
Shields        | 4 |  4.8
Invocations    | 4 |  4.4

Action                   |  1- 3 |  4- 6 |  7- 9 | 10-12 || total
-------------------------+-------+-------+-------+-------++-------
Melee: Flail             |    72 |   248 |   486 |    57 ||   863
       Dire flail        |       |       |   124 |   718 ||   842
Invok: Heroism           |       |       |     2 |    11 ||    13
  Use: Potion            |       |     2 |     1 |     2 ||     5
       Scroll            |       |     7 |     6 |    10 ||    23
  Eat: Chunk             |     1 |     8 |    13 |    16 ||    38
       Ration            |       |       |     1 |     4 ||     5
Armor: Scale mail        |    61 |   157 |   224 |       ||   442
       Plate armour      |       |       |   196 |   665 ||   861
Dodge: Dodged            |    31 |    71 |   214 |   272 ||   588
Block: Shield            |    43 |   151 |   137 |       ||   331
       Buckler           |       |       |   133 |    33 ||   166
       Reflection        |       |       |     3 |     1 ||     4
       Other             |       |       |    14 |    48 ||    62

Vault maps used:
D:1:      grunt_arrival_crossed_arrows, serial_forest,
          infiniplex_forest_clump_small, infiniplex_forest_straight_3,
          infiniplex_forest_straight_1, infiniplex_forest_pool,
          infiniplex_forest_clump_double, infiniplex_forest_pool,
          infiniplex_forest_clump_long, infiniplex_forest_side_room
D:2:      uniq_crazy_yiuf_cottage, uniq_jessica
D:3:      cheibrodos_helix_gallery
D:4:      serial_shops, shop, first_ration, uniq_sigmund, uniq_robin
D:5:      minmay_temple_entry_butterflies, serial_shops, shop,
          kennysheep_minor_cross
D:6:      uniq_blork_the_orc, uniq_edmund
D:8:      cheibrodos_fzero, uniq_joseph
D:9:      lemuel_coloured_pillars_altar, grunt_livestock, lemuel_flame_loot_1
D:10:     lair_entry_dummy, david_orc_4, kennysheep_just_a_vault
D:11:     serial_shops, nicolae_shop_waterfront, serial_corexii_hall,
          corexii_hall_statues_x, corexii_hall_statues_x,
          minmay_protected_statue
D:13:     trog_wizard
Temple:   kilobyte_greek_temple

Table legend:
 A = Turns spent in this place as a percentage of turns spent in the entire game.
 B = Non-inter-level travel turns spent in this place as a percentage of non-inter-level travel turns spent in the entire game.
 C = Inter-level travel turns spent in this place as a percentage of turns spent in this place.
 D = Turns resting spent in this place as a percentage of non-inter-level travel turns spent in this place.
 E = Turns spent auto-exploring this place as a percentage of non-inter-level travel turns spent in this place.
 F = Non-inter-level travel turns spent in this place divided by the number of levels of this place that you've seen.
                   A       B       C       D       E      F
               +-------+-------+-------+-------+-------+----------------------
         Total | 100.0 | 100.0 |   2.6 |  24.3 |  50.0 | 1000.9
       Dungeon |  98.7 |  99.0 |   2.4 |  24.6 |  50.0 | 1066.7
        Temple |   1.3 |   1.0 |  24.0 |   0.0 |  55.5 | 146.0
               +-------+-------+-------+-------+-------+----------------------

Table legend:
 A = Kills in this place as a percentage of kills in entire the game.
 B = Kills by you in this place as a percentage of kills by you in the entire game.
 C = Kills by friends in this place as a percentage of kills by friends in the entire game.
 D = Other kills in this place as a percentage of other kills in the entire game.
 E = Experience gained in this place as a percentage of experience gained in the entire game.
 F = Experience gained in this place divided by the number of levels of this place that you have seen.
                   A       B       C       D       E      F
               +-------+-------+-------+-------+-------+----------------------
         Total | 100.0 | 100.0 |   N/A | 100.0 | 100.0 | 2190.9
       Dungeon | 100.0 | 100.0 |   N/A | 100.0 | 100.0 | 2359.4
               +-------+-------+-------+-------+-------+----------------------
